 Dungeon Crawl Stone Soup version 0.18.1-6-gd335043 (webtiles) character file.

211 mistymad the Shield-Bearer (level 5, 0/33 HPs)
             Began as a Gargoyle Fighter on May 20, 2016.
             Slain by Sigmund
             ... wielding a +0 scythe
              (8 damage)
             ... on level 3 of the Dungeon.
             The game lasted 00:04:12 (1636 turns).

mistymad the Shield-Bearer (Gargoyle Fighter)       Turns: 1636, Time: 00:04:13

Health: 0/33       AC: 11    Str: 19    XL:     5   Next: 88%
Magic:  5/5        EV:  8    Int:  9    God:
Gold:   83         SH:  9    Dex: 10    Spells: 0 memorised, 4 levels left

rFire  . . .     SeeInvis .     a - +0 flail
rCold  . . .     Gourm    .     b - +0 scale mail
rNeg   + . .     Faith    .     c - +0 shield
rPois  ∞         Spirit   .     (no helmet)
rElec  +         Dismiss  .     (no cloak)
rCorr  .         Reflect  .     (no gloves)
SustAt .         Harm     .     (no boots)
MR     .....                    (no amulet)
Stlth  ..........               (no ring)
                                (no ring)

@: not resistant to hostile enchantments, extremely unstealthy
A: negative energy resistance 1, electricity resistance, unbreathing,
petrification resistance, rot immunity, AC +4
a: no special abilities


You were on level 3 of the Dungeon.
You were hungry.

You visited 1 branch of the dungeon, and saw 3 of its levels.

You collected 83 gold pieces.

Inventory:

Hand Weapons
 a - a +0 flail (weapon)
Armour
 b - a +0 scale mail (worn)
 c - a +0 shield (worn)
Scrolls
 e - 2 scrolls of magic mapping {unknown}
 g - 3 scrolls of identify {unknown}
 i - 2 scrolls of remove curse {unknown}
 j - 2 scrolls of amnesia {unknown}
 k - a scroll of teleportation {unknown}
 n - a scroll of blinking {unknown}
 q - a scroll of immolation {unknown}
Potions
 d - a potion of might
 m - 2 potions of brilliance {unknown}
 o - 2 potions of curing {unknown}
Comestibles
 f - a bread ration
 h - 2 beef jerkies
 l - a meat ration


   Skills:
 + Level 4.2 Fighting
 + Level 3.0 Maces & Flails
 + Level 4.2 Armour
 + Level 1.6 Dodging
 + Level 4.4 Shields


You had 4 spell levels left.
You didn't know any spells.

Dungeon Overview and Level Annotations

Branches:
Dungeon (3/15)

Altars:

Annotations:
D:3 Sigmund


Innate Abilities, Weirdness & Mutations

You are resistant to torment.
Your stone body is resilient (AC +4).
You are immune to poison.
You resist negative energy.
You are resistant to electric shocks.
You can survive without breathing.
You are immune to petrification.
You are immune to rotting.


Message History

You hit something. Something hits you but does no damage.
Your shield and scale mail prevent you from hitting something.
Something hits you!
You closely miss something.
You hear some strange, mumbled words.
Something tries to affect you, but you resist.
Something hits you.
You miss something. You closely miss something.
You hear some strange, mumbled words.
A magic dart appears from out of thin air!
The magic dart hits you! Something hits you.
You sock something! You block the rat's attack.
Something hits you but does no damage.
You miss something. The rat completely misses you. You block the rat's attack.
Something hits you.
* * * LOW HITPOINT WARNING * * *
You hit something. You block the rat's attack.
You closely miss something. Something hits you!
You die...

#................#
#................#
.........#.......
##............#
#.............#
#.............#
....#...<......#
.# #####{r#####
#...@##
.......####
##..... #...#.
#..... #.. .# ...
.. .## ..


You could see a rat.

Vanquished Creatures
  A gnoll sergeant (D:2)
  Terence (D:2)
  Ijyb (D:2)
  2 adders (D:2)
  4 gnolls
  2 oozes (D:1)
  A worm (D:2)
  A giant gecko (D:1)
  4 bats
  2 giant cockroaches (D:1)
  4 goblins
  3 hobgoblins
  A quokka (D:2)
  4 ball pythons
  A giant newt (D:1)
  3 kobolds
  6 rats
41 creatures vanquished.

Notes
Turn   | Place    | Note
--------------------------------------------------------------
     0 | D:1      | mistymad the Gargoyle Fighter began the quest for the Orb.
     0 | D:1      | Reached XP level 1. HP: 14/14 MP: 1/1
   105 | D:1      | Reached XP level 2. HP: 19/19 MP: 2/2
   288 | D:1      | Reached XP level 3. HP: 22/24 MP: 3/3
   573 | D:2      | Noticed Ijyb
   584 | D:2      | Killed Ijyb
   584 | D:2      | Reached skill level 1 in Dodging
   584 | D:2      | Reached XP level 4. HP: 28/29 MP: 4/4
   798 | D:2      | Noticed Terence
   822 | D:2      | Killed Terence
  1102 | D:2      | Reached XP level 5. HP: 29/33 MP: 5/5
  1606 | D:3      | Noticed Sigmund
  1636 | D:3      | Slain by Sigmund

Skill      XL: |  1  2  3  4  5 |
---------------+----------------+-----
Dodging        | 1 |  1.6
Fighting       | 4 |  4.2
Armour         | 4 |  4.2
Shields        | 4 |  4.4
Maces & Flails | 3 |  3.0

Action                   |  1- 3 |  4- 6 || total
-------------------------+-------+-------++-------
Melee: Flail             |    65 |   121 ||   186
  Eat: Chunk             |       |     2 ||     2
Armor: Scale mail        |    40 |    64 ||   104
Dodge: Dodged            |    25 |    55 ||    80
Block: Shield            |    48 |    71 ||   119
